ITL
WISCONSIN TIMBER RATTLERS @ PORTLAND PRIVATEERS
06/03/2026
 
TOP OF THE 1ST
Wisconsin Timber Rattlers batting - Pitching for Portland Privateers : LHP Pedro Santana
Pitching: LHP Pedro Santana
Batting: RHB John Denton 0-0: Ball
1-0: Ball
2-0: Ball
3-0: Base on Balls
Batting: SHB José López 0-0: Swinging Strike
0-1: Ball
1-1: Swinging Strike
1-2: Strikes out looking
Batting: SHB Ricardo Arévalo 0-0: Hit by Pitch
John Denton to second
Pinch Runner at 1st Fraser Stanton:
Batting: RHB Vicente Vélez 0-0: Ball
1-0: Called Strike
1-1: Foul Ball, location: 2F
1-2: Ball
2-2: Foul Ball, location: 2F
2-2: Foul Ball, location: 2F
2-2: Foul Ball, location: 2F
2-2: Foul Ball, location: 2F
2-2: Ball
3-2: SINGLE (Flyball, 9S)
John Denton to third
Fraser Stanton to second
Batting: LHB Avery Hopkins 0-0: Foul Ball, location: 2F
0-1: Swinging Strike
0-2: Fly out, F4 (Popup, 4D)
Batting: RHB Pablo Gonzáles 0-0: Called Strike
0-1: Ball
1-1: Ball
2-1: Foul Ball, location: 2F
2-2: Foul Ball, location: 2F
2-2: Ball
3-2: Ground out 6-3 (Groundball, 56)
Top of the 1st over - 0 run(s), 1 hit(s), 0 error(s), 3 left on base; Wisconsin 0 - Portland 0
BOTTOM OF THE 1ST
Portland Privateers batting - Pitching for Wisconsin Timber Rattlers : LHP Tim Wilson
Pitching: LHP Tim Wilson
Now at 2B: Fraser Stanton
Batting: RHB Luis Pineda 0-0: Foul Ball, location: 2F
0-1: Ball
1-1: Foul Ball, location: 2F
1-2: Foul Ball, location: 2F
1-2: Ground out 6-3 (Groundball, 6)
Batting: RHB Juan Sánchez 0-0: Called Strike
0-1: Foul Ball, location: 2F
0-2: Ball
1-2: Foul Ball, location: 2F
1-2: Strikes out swinging
Batting: LHB Pedro Padilla 0-0: Swinging Strike
0-1: Called Strike
0-2: Ball
1-2: Foul Ball, location: 2F
1-2: Ball
2-2: Ball
3-2: Base on Balls
Batting: SHB Patrick Larson 0-0: Ball
1-0: Called Strike
1-1: Ground out 4-3 (Groundball, 4S)
Bottom of the 1st over - 0 run(s), 0 hit(s), 0 error(s), 1 left on base; Wisconsin 0 - Portland 0
TOP OF THE 2ND
Wisconsin Timber Rattlers batting - Pitching for Portland Privateers : LHP Pedro Santana
Batting: RHB Bailey Ramsey 0-0: Fly out, F8 (Flyball, 8RM)
Batting: SHB Bob Warren 0-0: Ball
1-0: Ball
2-0: Ball
3-0: Base on Balls
Batting: LHB José Feliciano 0-0: Ball
1-0: Ball
2-0: Foul Ball, location: 2F
2-1: Foul Ball, location: 2F
2-2: Strikes out looking
Batting: RHB John Denton 0-0: Ball
1-0: Foul Ball, location: 2F
1-1: Called Strike
1-2: Ground out 4-3 (Groundball, 4)
Top of the 2nd over - 0 run(s), 0 hit(s), 0 error(s), 1 left on base; Wisconsin 0 - Portland 0
BOTTOM OF THE 2ND
Portland Privateers batting - Pitching for Wisconsin Timber Rattlers : LHP Tim Wilson
Batting: RHB Troy Lau 0-0: Ball
1-0: Ball
2-0: Ball
3-0: Base on Balls
Batting: RHB Jorge Cora 0-0: Called Strike
0-1: Ball
1-1: Ball
2-1: Ball
3-1: Swinging Strike
3-2: Strikes out swinging
Batting: RHB Tomás Estrada 0-0: Ball
1-0: Ball
2-0: Ball
3-0: Base on Balls
Troy Lau to second
Batting: RHB Hidetada Kichida 0-0: Foul Ball, location: 2F
0-1: Ball
1-1: SINGLE (Line Drive, 89S)
Troy Lau to third
Tomás Estrada to second
Runner from 3rd tries for Home, throw and OUT!
Now in RF: Enrique Tirado
Batting: RHB Luther Stoffels 0-0: Ball
1-0: Ball
2-0: Called Strike
2-1: Called Strike
2-2: Strikes out swinging
Bottom of the 2nd over - 0 run(s), 1 hit(s), 0 error(s), 2 left on base; Wisconsin 0 - Portland 0
TOP OF THE 3RD
Wisconsin Timber Rattlers batting - Pitching for Portland Privateers : LHP Pedro Santana
Batting: SHB José López 0-0: Ball
1-0: Foul Ball, location: 2F
1-1: Ball
2-1: Foul Ball, location: 2F
Reached via error on a dropped throw, E1
Batting: RHB Fraser Stanton 0-0: Ball
1-0: Ball
2-0: Ball
3-0: Base on Balls
José López to second
Batting: RHB Vicente Vélez 0-0: Ball
1-0: Ball
2-0: Ball
3-0: Called Strike
3-1: Base on Balls
José López to third
Fraser Stanton to second
Batting: LHB Avery Hopkins 0-0: Called Strike
0-1: Called Strike
0-2: Strikes out swinging
Batting: RHB Pablo Gonzáles 0-0: Ball
1-0: Fly out, F7 (Flyball, 78S)
Batting: RHB Bailey Ramsey 0-0: Ground out 5-3 (Groundball, 5)
Top of the 3rd over - 0 run(s), 0 hit(s), 1 error(s), 3 left on base; Wisconsin 0 - Portland 0
BOTTOM OF THE 3RD
Portland Privateers batting - Pitching for Wisconsin Timber Rattlers : LHP Tim Wilson
Batting: RHB Luis Pineda 0-0: Called Strike
0-1: Ground out 4-3 (Groundball, 4M)
Batting: RHB Juan Sánchez 0-0: Ground out 6-3 (Groundball, 6M)
Batting: LHB Pedro Padilla 0-0: Called Strike
0-1: Reached on error, E6 (Groundball, 6M)
Batting: SHB Patrick Larson 0-0: Called Strike
0-1: Fly out, F8 (Flyball, 8LM)
Bottom of the 3rd over - 0 run(s), 0 hit(s), 1 error(s), 1 left on base; Wisconsin 0 - Portland 0
TOP OF THE 4TH
Wisconsin Timber Rattlers batting - Pitching for Portland Privateers : LHP Pedro Santana
Batting: SHB Bob Warren 0-0: Fly out, F9 (Flyball, 89M)
Batting: LHB José Feliciano 0-0: Called Strike
0-1: SINGLE (Flyball, 78S)
Batting: LHB Enrique Tirado 0-0: Ball
1-0: Ball
2-0: Ball
3-0: Called Strike
3-1: Swinging Strike
3-2: Foul Ball, location: 2F
3-2: Strikes out swinging
Pitching: RHP Tom Clement
Batting: SHB José López 0-0: Ball
1-0: Ball
2-0: DOUBLE (Flyball, 8LXD)
José Feliciano to third
Batting: RHB Fraser Stanton 0-0: Ball
1-0: Ball
2-0: Called Strike
2-1: Foul Ball, location: 2F
2-2: Strikes out looking
Top of the 4th over - 0 run(s), 2 hit(s), 0 error(s), 2 left on base; Wisconsin 0 - Portland 0
BOTTOM OF THE 4TH
Portland Privateers batting - Pitching for Wisconsin Timber Rattlers : LHP Tim Wilson
Batting: RHB Troy Lau 0-0: Ball
1-0: Foul Ball, location: 2F
1-1: Ball
2-1: Ball
3-1: Foul Ball, location: 2F
3-2: Foul Ball, location: 2F
3-2: Base on Balls
Batting: RHB Jorge Cora 0-0: Called Strike
0-1: Ball
1-1: DOUBLE (Line Drive, 9LM)
Troy Lau to third
Batting: RHB Tomás Estrada 0-0: Called Strike
0-1: Ball
1-1: Swinging Strike
1-2: Ball
2-2: Ball
3-2: Base on Balls
Batting: RHB Hidetada Kichida 0-0: Foul Ball, location: 2F
0-1: SINGLE (Line Drive, 56D)
Troy Lau scores
Jorge Cora to third
Tomás Estrada to second
Batting: RHB Luther Stoffels 0-0: Ball
1-0: Ball
2-0: Called Strike
2-1: Ball
3-1: Swinging Strike
3-2: Foul Ball, location: 2F
3-2: Foul Ball, location: 2F
3-2: Strikes out swinging
Batting: RHB Luis Pineda 0-0: Ball
1-0: Reached on error, E6 (Groundball, 6)
Jorge Cora scores
Tomás Estrada to third
Hidetada Kichida to second
Batting: RHB Juan Sánchez 0-0: Ball
1-0: Ball
2-0: Ball
3-0: Called Strike
3-1: Base on Balls
Tomás Estrada scores
Hidetada Kichida to third
Luis Pineda to second
Batting: LHB Pedro Padilla 0-0: Swinging Strike
0-1: Ball
1-1: Fly out, F7 (Flyball, 7M)
Runner from 3rd tags up, SCORES, no throw
Pitching: RHP Drew Bailey
Batting: SHB Patrick Larson 0-0: Ball
1-0: Called Strike
1-1: Ball
2-1: Swinging Strike
2-2: Foul Ball, location: 2F
2-2: Ball
3-2: Foul Ball, location: 2F
3-2: Foul Ball, location: 2F
3-2: Ground out 5-3 (Groundball, 5)
Bottom of the 4th over - 4 run(s), 2 hit(s), 1 error(s), 2 left on base; Wisconsin 0 - Portland 4
TOP OF THE 5TH
Wisconsin Timber Rattlers batting - Pitching for Portland Privateers : RHP Tom Clement
Batting: RHB Vicente Vélez 0-0: Called Strike
0-1: Swinging Strike
0-2: Strikes out swinging
Batting: LHB Avery Hopkins 0-0: Fly out, F5 (Line Drive, 5S)
Batting: RHB Pablo Gonzáles 0-0: Called Strike
0-1: Ground out 4-3 (Groundball, 4)
Top of the 5th over - 0 run(s), 0 hit(s), 0 error(s), 0 left on base; Wisconsin 0 - Portland 4
BOTTOM OF THE 5TH
Portland Privateers batting - Pitching for Wisconsin Timber Rattlers : RHP Drew Bailey
Batting: RHB Troy Lau 0-0: Ball
1-0: Reached on error, E6 (Groundball, 6)
Batting: RHB Jorge Cora 0-0: Ball
1-0: Ball
2-0: Ball
3-0: Called Strike
3-1: Base on Balls
Troy Lau to second
Batting: RHB Tomás Estrada 0-0: Ball
1-0: Ball
2-0: Swinging Strike
2-1: Fly out, F9 (Line Drive, 9M)
Batting: RHB Hidetada Kichida 0-0: SINGLE (Groundball, 34)
Troy Lau to third
Jorge Cora to second
Runner from 3rd tries for Home, SAFE, throw made home
Jorge Cora to third
Hidetada Kichida to second
Batting: RHB Luther Stoffels 0-0: Ball
1-0: Foul Ball, location: 2F
1-1: SINGLE (Line Drive, 7S)
Jorge Cora scores
Hidetada Kichida to third
Batting: RHB Luis Pineda 0-0: Ball
1-0: Fly out, F9 (Flyball, 89M)
Throwing error, E9
Hidetada Kichida scores
Luther Stoffels to second
Batting: RHB Juan Sánchez 0-0: Called Strike
0-1: Ball
1-1: Ball
2-1: Foul Ball, location: 2F
2-2: Foul Ball, location: 2F
2-2: Foul Ball, location: 2F
2-2: Foul Ball, location: 2F
2-2: Ball
Wild Pitch!
Luther Stoffels to third
3-2: Foul Ball, location: 2F
3-2: 2-RUN HOME RUN (Flyball, 8RXD), Distance : 434 ft
Batting: LHB Pedro Padilla 0-0: Ball
1-0: Ball
2-0: Ball
3-0: Called Strike
3-1: Base on Balls
Batting: SHB Patrick Larson 0-0: Called Strike
0-1: Swinging Strike
0-2: Fly out, F7 (Flyball, 7LM)
Bottom of the 5th over - 5 run(s), 3 hit(s), 2 error(s), 1 left on base; Wisconsin 0 - Portland 9
TOP OF THE 6TH
Wisconsin Timber Rattlers batting - Pitching for Portland Privateers : RHP Tom Clement
Batting: RHB Bailey Ramsey 0-0: Called Strike
0-1: Swinging Strike
0-2: Ball
1-2: Ball
2-2: Foul Ball, location: 2F
2-2: Ground out 5-3 (Groundball, 56S)
Batting: SHB Bob Warren 0-0: DOUBLE (Line Drive, 9LM)
Batting: LHB José Feliciano 0-0: Ball
1-0: Called Strike
1-1: 2-RUN HOME RUN (Flyball, 9D), Distance : 383 ft
Batting: LHB Enrique Tirado 0-0: Ball
1-0: Ball
2-0: Foul Ball, location: 2F
2-1: Foul Ball, location: 2F
2-2: Foul Ball, location: 2F
2-2: Ball
3-2: Base on Balls
Pitching: RHP Mario Ramos
Batting: SHB José López 0-0: 2-RUN HOME RUN (Flyball, 89XD), Distance : 392 ft
Batting: RHB Fraser Stanton 0-0: Ball
1-0: Called Strike
1-1: Ball
2-1: Foul Ball, location: 2F
2-2: Ground out 6-3 (Groundball, 56)
Batting: RHB Vicente Vélez 0-0: Called Strike
0-1: Called Strike
0-2: Strikes out swinging
Top of the 6th over - 4 run(s), 3 hit(s), 0 error(s), 0 left on base; Wisconsin 4 - Portland 9
BOTTOM OF THE 6TH
Portland Privateers batting - Pitching for Wisconsin Timber Rattlers : RHP Drew Bailey
Batting: RHB Troy Lau 0-0: Ball
1-0: Foul Ball, location: 2F
1-1: Foul Ball, location: 2F
1-2: Strikes out swinging
Pitching: RHP Jerry Terry
Batting: RHB Jorge Cora 0-0: Ball
1-0: Ball
2-0: Ball
3-0: Called Strike
3-1: Ground out 4-3 (Groundball, 4M)
Batting: RHB Tomás Estrada 0-0: Ball
1-0: TRIPLE (Line Drive, 78D)
Batting: RHB Hidetada Kichida 0-0: Foul Ball, location: 2F
0-1: SINGLE (Line Drive, 89M)
Tomás Estrada scores
Batting: RHB Luther Stoffels 0-0: Called Strike
0-1: Ball
1-1: Foul Ball, location: 2F
1-2: Foul Ball, location: 2F
1-2: Fly out, F5 (Line Drive, 5S)
Bottom of the 6th over - 1 run(s), 2 hit(s), 0 error(s), 1 left on base; Wisconsin 4 - Portland 10
TOP OF THE 7TH
Wisconsin Timber Rattlers batting - Pitching for Portland Privateers : RHP Mario Ramos
Batting: LHB Avery Hopkins 0-0: Ball
1-0: Ball
2-0: Swinging Strike
2-1: Called Strike
2-2: Ball
3-2: Strikes out swinging
Batting: RHB Pablo Gonzáles 0-0: Foul Ball, location: 2F
0-1: Ball
1-1: Fly out, F7 (Flyball, 78D)
Batting: RHB Bailey Ramsey 0-0: Ball
1-0: Ball
2-0: Ball
3-0: Called Strike
3-1: SINGLE (Groundball, 4M)
Batting: SHB Bob Warren 0-0: Ground out 4-3 (Groundball, 34)
Top of the 7th over - 0 run(s), 1 hit(s), 0 error(s), 1 left on base; Wisconsin 4 - Portland 10
BOTTOM OF THE 7TH
Portland Privateers batting - Pitching for Wisconsin Timber Rattlers : RHP Jerry Terry
Batting: RHB Luis Pineda 0-0: Ball
1-0: Called Strike
1-1: Ball
2-1: Foul Ball, location: 2F
2-2: Ball
3-2: Ground out 4-3 (Groundball, 4)
Batting: RHB Juan Sánchez 0-0: Foul Ball, location: 2F
0-1: Foul Ball, location: 2F
0-2: Ball
1-2: Foul Ball, location: 2F
1-2: Hit by Pitch
Pitching: RHP Mike Brown
Batting: LHB Pedro Padilla 0-0: Foul Ball, location: 2F
0-1: Foul Ball, location: 2F
0-2: Foul Ball, location: 2F
0-2: Foul Ball, location: 2F
0-2: Foul Ball, location: 2F
0-2: Strikes out swinging
Batting: SHB Patrick Larson 0-0: SINGLE (Groundball, 6MD) (infield hit)
Juan Sánchez to second
Batting: RHB Troy Lau 0-0: Called Strike
0-1: Ball
1-1: Foul Ball, location: 2F
1-2: Ball
2-2: Ball
3-2: Foul Ball, location: 2F
3-2: 3-RUN HOME RUN (Flyball, 7D), Distance : 362 ft
Batting: RHB Jorge Cora 0-0: Foul Ball, location: 2F
0-1: Ball
1-1: Ball
2-1: Called Strike
2-2: Ball
3-2: Base on Balls
Batting: RHB Tomás Estrada 0-0: Ball
1-0: Called Strike
1-1: Ball
2-1: Ball
3-1: Base on Balls
Jorge Cora to second
Batting: RHB Hidetada Kichida 0-0: Swinging Strike
0-1: Foul Ball, location: 2F
0-2: SINGLE (Line Drive, 34D)
Jorge Cora to third
Tomás Estrada to second
Batting: RHB Luther Stoffels 0-0: GRAND SLAM HOME RUN (Flyball, 7LD), Distance : 328 ft
Batting: RHB Luis Pineda 0-0: Called Strike
0-1: SINGLE (Groundball, 4MD)
Batting: RHB Juan Sánchez 0-0: Ball
1-0: Foul Ball, location: 2F
1-1: Ball
2-1: Ball
3-1: Called Strike
3-2: Foul Ball, location: 2F
3-2: Base on Balls
Luis Pineda to second
Batting: LHB Pedro Padilla 0-0: Ball
1-0: Ball
2-0: Called Strike
2-1: Ball
3-1: Swinging Strike
3-2: SINGLE (Flyball, 8LS)
Luis Pineda to third
Juan Sánchez to second
Luis Pineda scores
Juan Sánchez to third
Pinch Hitting: LHB Manny Domínguez 0-0: Ball
1-0: Ball
Pedro Padilla steals 2nd base
2-0: Ball
3-0: Called Strike
3-1: Swinging Strike
3-2: Base on Balls
Batting: RHB Troy Lau 0-0: Ball
1-0: SINGLE (Groundball, 4MD)
Juan Sánchez scores
Pedro Padilla to third
Manny Domínguez to second
Runner from 3rd tries for Home, SAFE, no throw or cutoff
Batting: RHB Jorge Cora 0-0: Swinging Strike
0-1: Foul Ball, location: 2F
0-2: Ball
1-2: Ball
2-2: DOUBLE (Groundball, 5L)
Manny Domínguez scores
Troy Lau to third
Runner from 3rd tries for Home, SAFE, no throw or cutoff
Batting: RHB Tomás Estrada 0-0: Ball
1-0: Ball
2-0: Swinging Strike
2-1: Foul Ball, location: 2F
2-2: SINGLE (Line Drive, 6D)
Jorge Cora to third
Runner from 3rd tries for Home, SAFE, no throw or cutoff
Pitching: RHP Miguel Hernández
Batting: RHB Hidetada Kichida 0-0: Called Strike
0-1: Foul Ball, location: 2F
0-2: Ball
1-2: Ball
2-2: SINGLE (Line Drive, 78M)
Tomás Estrada to second
Runner from 2nd tries for 3rd, SAFE, throw made to third
Pitching: RHP Chris Walker
Batting: RHB Luther Stoffels 0-0: Ball
1-0: Foul Ball, location: 2F
1-1: Foul Ball, location: 2F
1-2: Foul Ball, location: 2F
1-2: Foul Ball, location: 2F
1-2: SINGLE (Line Drive, 56D)
Tomás Estrada scores
Hidetada Kichida to second
Batting: RHB Luis Pineda 0-0: Ball
1-0: SINGLE (Line Drive, 7S)
Hidetada Kichida to third
Luther Stoffels to second
Runner from 3rd tries for Home, SAFE, no throw or cutoff
Batting: RHB Juan Sánchez 0-0: Foul Ball, location: 2F
0-1: Foul Ball, location: 2F
0-2: Fly out, F3 (Popup, 34)
Bottom of the 7th over - 15 run(s), 12 hit(s), 0 error(s), 2 left on base; Wisconsin 4 - Portland 25
TOP OF THE 8TH
Wisconsin Timber Rattlers batting - Pitching for Portland Privateers : RHP Mario Ramos
Now at 2B: Ramiro Gámez
Batting: LHB José Feliciano 0-0: Swinging Strike
0-1: Foul Ball, location: 2F
0-2: Foul Ball, location: 2F
0-2: Strikes out swinging
Pitching: RHP Rafael Ruíz
Batting: LHB Enrique Tirado 0-0: Ball
1-0: SINGLE (Line Drive, 4)
Batting: SHB José López 0-0: Ball
1-0: Ball
2-0: Fielders Choice at 2nd, 3-6 (Groundball, 3)
Batting: RHB Fraser Stanton 0-0: Ball
1-0: Ball
2-0: Ball
3-0: Base on Balls
José López to second
Batting: RHB Vicente Vélez 0-0: Ball
1-0: Ball
2-0: Ball
3-0: Called Strike
3-1: Foul Ball, location: 2F
3-2: Fly out, F8 (Flyball, 8RD)
Top of the 8th over - 0 run(s), 1 hit(s), 0 error(s), 2 left on base; Wisconsin 4 - Portland 25
BOTTOM OF THE 8TH
Portland Privateers batting - Pitching for Wisconsin Timber Rattlers : RHP Chris Walker
Batting: LHB Pedro Padilla 0-0: Foul Ball, location: 2F
0-1: Ball
1-1: Called Strike
1-2: Foul Ball, location: 2F
1-2: Ball
2-2: Ball
3-2: Base on Balls
Pinch Hitting: RHB Júlio Vélez 0-0: Ball
1-0: SINGLE (Flyball, 89S)
Pedro Padilla to second
Runner from 2nd tries for 3rd, SAFE, no throw or cutoff
Batting: RHB Troy Lau 0-0: Ball
1-0: Ball
2-0: Ball
3-0: Foul Ball, location: 2F
3-1: Base on Balls
Júlio Vélez to second
Batting: RHB Jorge Cora 0-0: Ball
1-0: Foul Ball, location: 2F
1-1: Ball
2-1: Swinging Strike
2-2: Ball
3-2: Base on Balls
Pedro Padilla scores
Júlio Vélez to third
Troy Lau to second
Batting: RHB Tomás Estrada 0-0: Foul Ball, location: 2F
0-1: Fly out, F8 (Flyball, 8LM)
Runner from 3rd tags up, OUT at HOME
Troy Lau to third
Jorge Cora to second
Batting: RHB Hidetada Kichida 0-0: Called Strike
0-1: Ball
1-1: Foul Ball, location: 2F
1-2: Fly out, F9 (Flyball, 9M)
Bottom of the 8th over - 1 run(s), 1 hit(s), 0 error(s), 2 left on base; Wisconsin 4 - Portland 26
TOP OF THE 9TH
Wisconsin Timber Rattlers batting - Pitching for Portland Privateers : RHP Rafael Ruíz
Now at 2B: Júlio Vélez
Batting: LHB Avery Hopkins 0-0: Called Strike
0-1: Ball
1-1: Ball
2-1: Ground out 1-3 (Groundball, 23)
Batting: RHB Pablo Gonzáles 0-0: SOLO HOME RUN (Flyball, 7LD), Distance : 334 ft
Batting: RHB Bailey Ramsey 0-0: Swinging Strike
0-1: Foul Ball, location: 2F
0-2: Strikes out looking
Batting: SHB Bob Warren 0-0: Ball
1-0: Ball
2-0: Called Strike
2-1: Ground out U3 (Groundball, 3)
Top of the 9th over - 1 run(s), 1 hit(s), 0 error(s), 0 left on base; Wisconsin 5 - Portland 26
Monday, December 5th, 2016 - OOTP Baseball 17.12 Build 75